 Dungeon Crawl Stone Soup version 0.19.5 (webtiles) character file.

476 Gargoyl the Skirmisher (level 7, -6/60 HPs)
             Began as a Ghoul Abyssal Knight on Mar 16, 2017.
             Was a Believer of Lugonu.
             Splashed by a jelly's acid (7 damage)
             ... on level 4 of the Dungeon.
             The game lasted 00:06:22 (2876 turns).

Gargoyl the Skirmisher (Ghoul Abyssal Knight)       Turns: 2876, Time: 00:06:22

Health: -6/60      AC: -5    Str: 16    XL:     7   Next: 10%
Magic:  9/9        EV:  7    Int:  7    God:    Lugonu [**....]
Gold:   169        SH:  0    Dex: 13    Spells: 0 memorised, 6 levels left

rFire  . . .     SeeInvis .     l - +0 war axe
rCold  + . .     Gourm    .     e - +1 chain mail
rNeg   + + +     Faith    .     (no shield)
rPois  ∞         Spirit   .     (no helmet)
rElec  .         Reflect  .     (no cloak)
rCorr  .         Harm     .     (no gloves)
MR     .....                    (no boots)
Stlth  ..........               (no amulet)
                                (no ring)
                                k - +3 ring of dexterity

@: corroded, rotting
A: rotting body, claws 1, carnivore 3, cold resistance 1, negative energy
resistance 3, slow regeneration 1, torment resistance, unbreathing
a: Depart the Abyss, Bend Space, Renounce Religion


You were on level 4 of the Dungeon.
You worshipped Lugonu.
Lugonu was pleased with you.
You were not hungry.

You visited 1 branch of the dungeon, and saw 4 of its levels.
You visited the Abyss 1 time.

You collected 169 gold pieces.

Inventory:

Hand Weapons
 l - a +0 war axe (weapon)
 o - a +0 war axe
Armour
 e - a +1 chain mail (worn)
Jewellery
 k - a +3 ring of dexterity (left claw)
 p - a cursed ring of teleportation {unknown}
Wands
 i - a wand of acid (4/15)
Scrolls
 j - 2 scrolls of teleportation
 n - 2 scrolls of identify
Potions
 b - a potion of beneficial mutation {unknown}
 d - 2 potions of curing {unknown}
 g - a potion of haste
 h - 2 potions of magic
 m - a potion of brilliance {unknown}
Comestibles
 a - 3 chunks of flesh
 c - 2 meat rations
 f - a beef jerky


   Skills:
 + Level 4.3 Fighting
 + Level 3.9 Axes
 * Level 4.1 Armour
 + Level 1.0 Dodging
 * Level 4.1 Invocations


You had 6 spell levels left.
You didn't know any spells.

Dungeon Overview and Level Annotations

Branches:
Dungeon (4/15)
 Temple: D:4-7

Altars:
Qazlal

Shops:
D:4 (


Innate Abilities, Weirdness & Mutations

Your body is rotting away.
You thrive on raw meat.
You are immune to poison.
You have sharp fingernails.
You are carnivorous and can eat meat at any time.
Your flesh is cold resistant. (rC+)
You are immune to negative energy. (rN+++)
You regenerate slowly when monsters are visible.
You are immune to unholy pain and torment.
You can survive without breathing.


Message History

The orc hits you but does no damage.
You hit the jelly but do no damage.
Your claws burn!
The jelly is lightly wounded.
You hit the orc but do no damage. The orc barely misses you.
The jelly completely misses you.
You slash the jelly! The acid corrodes you!
Your claws burn!
The jelly is severely wounded.
You closely miss the orc. The jelly closely misses you. The orc hits you. x2
The jelly hits you. The acid corrodes you!
You are splashed with acid!
The acid burns!
* * * LOW HITPOINT WARNING * * *
You hit the jelly. The acid corrodes you!
Your claws burn!
* * * LOW HITPOINT WARNING * * *
The jelly is almost dead.
You hit the orc but do no damage. The orc hits you.
* * * LOW HITPOINT WARNING * * *
The jelly hits you.
* * * LOW HITPOINT WARNING * * *
The acid corrodes you!
You are splashed with acid!
The acid burns!
You die...

# ### ..# ..## ######
...## ########.....#
....# #####.............
#...###.................
##..............@J.>....
##.............o.......
#.......................
........................
........................
........................
........................
........................
....<...


You could see a jelly and an orc.

Vanquished Creatures
  The ghost of smzp the Slasher, a novice NaWr of Makhleb (D:4)
  An orc priest (D:4)
  4 adders
  5 worms
  A dart slug (D:1)
  4 leopard geckos (D:2)
  8 orcs
  2 giant cockroaches
  8 hobgoblins
  5 kobolds
  2 quokkas
  3 bats
  3 frilled lizards
  9 goblins
  A leopard gecko skeleton (D:4)
  3 rats
60 creatures vanquished.

Notes
Turn   | Place    | Note
-------+----------+-------------------------------------------
     0 | Abyss:1  | Gargoyl the Ghoul Abyssal Knight began the quest for the Orb.
     0 | Abyss:1  | Reached XP level 1. HP: 19/19 MP: 1/1
    96 | Abyss:2  | Noticed a small abomination
   100 | Abyss:2  | Noticed a thrashing horror
   101 | Abyss:2  | Noticed a thrashing horror
   101 | D:1      | Escaped the Abyss
   370 | D:1      | Reached * piety under Lugonu
   370 | D:1      | Reached XP level 2. HP: 23/26 MP: 2/2
   889 | D:2      | Reached XP level 3. HP: 33/33 MP: 3/3
  1080 | D:2      | Found a faded altar of an unknown god.
  1103 | D:2      | Reached XP level 4. HP: 17/40 MP: 5/5
  1580 | D:3      | Reached skill level 1 in Dodging
  1632 | D:3      | Reached ** piety under Lugonu
  1698 | D:3      | Found a stormy altar of Qazlal.
  2065 | D:4      | Noticed smzp's ghost (novice NaWr)
  2307 | D:4      | HP: 2/40 [smzp's ghost (3)]
  2308 | D:4      | Killed smzp's ghost
  2308 | D:4      | Reached XP level 5. HP: 3/46 MP: 5/7
  2308 | D:4      | Reached XP level 6. HP: 3/52 MP: 5/8
  2726 | D:4      | Found Ostropp's Weapon Shop.
  2800 | D:4      | Reached XP level 7. HP: 52/59 MP: 9/9
  2876 | D:4      | HP: 3/60 [orc (3)]
  2876 | D:4      | HP: 1/60 [jelly (2)]
  2876 | D:4      | Splashed by a jelly's acid

Skill      XL: |  1  2  3  4 |
---------------+-------------+-----
Armour         | 2 4 |  4.1
Axes           | 2 3 |  3.9
Dodging        | 1 |  1.0
Invocations    | 4 |  4.1
Fighting       | 4 |  4.3

Action                   |  1- 3 |  4- 6 |  7- 9 || total
-------------------------+-------+-------+-------++-------
Melee: Hand axe          |   118 |    53 |       ||   171
       War axe           |       |    76 |    27 ||   103
Invok: Depart the Abyss  |     1 |       |       ||     1
  Use: Scroll            |     5 |     6 |       ||    11
       Potion            |       |     5 |       ||     5
  Eat: Chunk             |    15 |    14 |     4 ||    33
Armor: Chain mail        |    68 |    91 |    36 ||   195
Dodge: Dodged            |    37 |    58 |    23 ||   118
